[ AOE2 MATCH · #513778137 ]
UnrankedJapanese vs Malians
Player's team · LOSS
Rival team · WIN
[ REPLAY ANALYSIS · EXTRACTED FROM THE RECORDED GAME ]
Feudal
9:17
Castle
22:49
Imperial
—
| APM avg | 40.3 |
| APM peak | 66 |
| eAPM avg | 24.8 |
| Villagers / military | 141 / 227 |
Focus
⚔️ 50.5% · 🌾 49.5%
Spearman ×94 · Cavalry Archer ×87 · Archer ×22 · Knight ×10 · Militia ×6 · Battering Ram ×6
Feudal
9:22
Castle
21:49
Imperial
35:05
| APM avg | 50.4 |
| APM peak | 107 |
| eAPM avg | 21.2 |
| Villagers / military | 145 / 81 |
Focus
⚔️ 31.6% · 🌾 68.4%
Gbeto ×23 · Skirmisher ×18 · Knight ×14 · Scorpion ×11 · Scout Cavalry ×6 · Mangonel ×4
Match map
Initial resources + every placement click. Lines = walls · curves = elevation contours. ◆ gold · ⬟ stone · ● berries · ✦ relic · ◌ wall gap
Your base· ✓ Closed at 22:49 · 45t walls · 1 gate(s)
Babifort's base· ✓ Closed at 21:49 · 10t walls · 1 gate(s)
Smoothed initial terrain · ◌ = detected wall gap · hover for details
Inputs per minute
— hK | GAGAYA - - Babifort
Build order — hK | GAGAYA
First 150 of 530 actions detected
| 0:02 | Queue | Villager (Male) |
| 0:02 | Queue | Villager (Male) |
| 0:02 | Queue | Villager (Male) |
| 0:03 | Build | House |
| 0:04 | Build | House |
| 0:16 | Queue | Villager (Male) |
| 1:12 | Queue | Villager (Male) |
| 1:45 | Queue | Villager (Male) |
| 2:09 | Queue | Villager (Male) |
| 2:09 | Queue | Villager (Male) |
| 2:29 | Queue | Villager (Male) |
| 2:54 | Build | Lumber Camp |
| 3:09 | Queue | Villager (Male) |
| 3:23 | Queue | Villager (Male) |
| 3:23 | Queue | Villager (Male) |
| 3:28 | Build | House |
| 3:48 | Build | Palisade Wall |
| 3:53 | Queue | Villager (Male) |
| 3:53 | Queue | Villager (Male) |
| 3:54 | Queue | Villager (Male) |
| 4:48 | Queue | Villager (Male) |
| 4:48 | Queue | Villager (Male) |
| 5:37 | Build | Barracks |
| 5:41 | Build | Palisade Wall |
| 5:43 | Build | Palisade Wall |
| 5:49 | Queue | Villager (Male) |
| 5:56 | Build | House |
| 6:14 | Queue | Villager (Male) |
| 6:21 | Research | Loom |
| 6:27 | Build | Mill |
| 6:46 | Research | Feudal Age |
| 6:52 | Queue | Militia |
| 6:53 | Queue | Militia |
| 7:05 | Queue | Militia |
| 7:05 | Queue | Militia |
| 7:28 | Queue | Militia |
| 8:04 | Build | House |
| 8:06 | Queue | Villager (Male) |
| 8:16 | Queue | Militia |
| 8:34 | Build | Mining Camp |
| 8:50 | Queue | Villager (Male) |
| 9:10 | Queue | Villager (Male) |
| 9:17 | Age | Feudal Age |
| 9:23 | Queue | Villager (Male) |
| 9:30 | Build | Archery Range |
| 9:58 | Research | Man-at-Arms (upgrade) |
| 10:22 | Queue | Spearman |
| 10:25 | Build | House |
| 11:04 | Queue | Villager (Male) |
| 11:04 | Queue | Villager (Male) |
| 11:07 | Queue | Archer |
| 11:07 | Queue | Archer |
| 11:20 | Queue | Villager (Male) |
| 11:21 | Queue | Villager (Male) |
| 11:26 | Research | Double-Bit Axe |
| 11:34 | Build | Farm |
| 11:39 | Build | Farm |
| 11:44 | Build | Farm |
| 11:48 | Queue | Villager (Male) |
| 11:49 | Queue | Archer |
| 11:54 | Build | Lumber Camp |
| 11:56 | Queue | Spearman |
| 12:01 | Build | Farm |
| 12:18 | Build | Palisade Wall |
| 12:21 | Build | Palisade Wall |
| 12:22 | Build | Palisade Wall |
| 12:23 | Queue | Spearman |
| 12:25 | Queue | Archer |
| 12:25 | Queue | Archer |
| 12:33 | Queue | Villager (Male) |
| 12:33 | Queue | Villager (Male) |
| 13:00 | Queue | Archer |
| 13:00 | Queue | Archer |
| 13:01 | Queue | Villager (Male) |
| 13:06 | Build | House |
| 13:16 | Queue | Villager (Male) |
| 13:32 | Build | House |
| 13:38 | Build | Farm |
| 13:39 | Queue | Villager (Male) |
| 13:45 | Queue | Villager (Male) |
| 13:47 | Build | House |
| 13:54 | Build | Palisade Wall |
| 13:56 | Build | Palisade Wall |
| 13:57 | Build | Palisade Wall |
| 13:59 | Build | Palisade Wall |
| 14:01 | Build | Palisade Wall |
| 14:11 | Queue | Archer |
| 14:11 | Queue | Archer |
| 14:11 | Queue | Archer |
| 14:16 | Build | Farm |
| 14:30 | Queue | Villager (Male) |
| 14:31 | Queue | Villager (Male) |
| 14:49 | Build | Palisade Wall |
| 15:05 | Build | House |
| 15:08 | Queue | Villager (Male) |
| 15:10 | Build | Farm |
| 15:10 | Build | Farm |
| 15:10 | Build | Farm |
| 15:10 | Build | Farm |
| 15:11 | Build | Farm |
| 15:11 | Build | Farm |
| 15:11 | Build | Farm |
| 15:15 | Build | Palisade Wall |
| 15:20 | Queue | Villager (Male) |
| 15:55 | Queue | Spearman |
| 15:57 | Build | House |
| 15:59 | Build | House |
| 16:09 | Queue | Spearman |
| 16:09 | Queue | Spearman |
| 16:10 | Queue | Villager (Male) |
| 16:13 | Queue | Villager (Male) |
| 16:14 | Queue | Villager (Male) |
| 16:16 | Build | Farm |
| 16:17 | Build | Farm |
| 16:17 | Build | Farm |
| 16:17 | Build | Farm |
| 16:17 | Build | Farm |
| 16:25 | Queue | Villager (Male) |
| 16:36 | Build | Palisade Wall |
| 16:38 | Build | Lumber Camp |
| 16:52 | Build | Palisade Gate |
| 16:55 | Queue | Villager (Male) |
| 17:10 | Build | House |
| 17:15 | Build | Palisade Wall |
| 17:20 | Queue | Villager (Male) |
| 17:32 | Queue | Villager (Male) |
| 17:35 | Build | Mill |
| 17:35 | Build | Farm |
| 17:36 | Build | Farm |
| 17:36 | Build | Farm |
| 17:52 | Queue | Villager (Male) |
| 17:52 | Queue | Villager (Male) |
| 17:53 | Queue | Villager (Male) |
| 17:59 | Queue | Villager (Male) |
| 18:11 | Build | Market |
| 18:32 | Queue | Villager (Male) |
| 18:46 | Queue | Villager (Male) |
| 18:51 | Build | Stable |
| 18:55 | Queue | Villager (Male) |
| 19:14 | Build | Palisade Wall |
| 19:29 | Queue | Villager (Male) |
| 19:33 | Build | Archery Range |
| 20:09 | Research | Castle Age |
| 20:30 | Build | Blacksmith |
| 20:38 | Queue | Scout Cavalry |
| 20:40 | Queue | Archer |
| 20:40 | Queue | Archer |
| 20:41 | Queue | Archer |
| 20:43 | Build | Farm |
| 20:44 | Queue | Archer |
Build order — Babifort
First 150 of 387 actions detected
| 0:01 | Queue | Villager (Male) |
| 0:02 | Build | House |
| 0:03 | Build | House |
| 0:11 | Queue | Villager (Male) |
| 0:11 | Queue | Villager (Male) |
| 0:14 | Queue | Villager (Male) |
| 1:23 | Queue | Villager (Male) |
| 2:01 | Queue | Villager (Male) |
| 2:01 | Queue | Villager (Male) |
| 2:41 | Queue | Villager (Male) |
| 3:13 | Queue | Villager (Male) |
| 3:13 | Queue | Villager (Male) |
| 3:17 | Build | Lumber Camp |
| 3:36 | Queue | Villager (Male) |
| 4:14 | Queue | Villager (Male) |
| 4:15 | Queue | Villager (Male) |
| 4:17 | Queue | Villager (Male) |
| 4:18 | Queue | Villager (Male) |
| 4:37 | Build | House |
| 4:39 | Research | Loom |
| 4:45 | Queue | Villager (Male) |
| 4:48 | Build | House |
| 4:52 | Queue | Villager (Male) |
| 4:52 | Queue | Villager (Male) |
| 4:52 | Queue | Villager (Male) |
| 6:07 | Build | Mill |
| 6:36 | Queue | Villager (Male) |
| 7:04 | Research | Feudal Age |
| 7:25 | Build | House |
| 8:36 | Build | Barracks |
| 8:39 | Queue | Villager (Male) |
| 9:22 | Age | Feudal Age |
| 9:26 | Build | Stable |
| 10:13 | Queue | Scout Cavalry |
| 10:13 | Queue | Scout Cavalry |
| 10:22 | Queue | Villager (Male) |
| 10:22 | Queue | Villager (Male) |
| 10:53 | Build | Farm |
| 10:54 | Queue | Villager (Male) |
| 10:54 | Queue | Villager (Male) |
| 11:14 | Queue | Villager (Male) |
| 11:14 | Queue | Villager (Male) |
| 11:23 | Queue | Scout Cavalry |
| 11:26 | Build | Farm |
| 11:36 | Build | Farm |
| 11:40 | Research | Double-Bit Axe |
| 11:48 | Research | Horse Collar |
| 11:53 | Queue | Scout Cavalry |
| 12:08 | Build | Archery Range |
| 12:17 | Build | Farm |
| 12:23 | Build | House |
| 12:26 | Build | House |
| 12:33 | Queue | Villager (Male) |
| 12:57 | Build | Palisade Wall |
| 13:02 | Build | Farm |
| 13:05 | Research | Horse Collar |
| 13:09 | Build | Farm |
| 13:16 | Build | Farm |
| 13:18 | Queue | Villager (Male) |
| 13:18 | Queue | Villager (Male) |
| 13:28 | Queue | Skirmisher |
| 13:42 | Queue | Skirmisher |
| 13:44 | Build | Farm |
| 13:52 | Queue | Skirmisher |
| 14:08 | Queue | Villager (Male) |
| 14:08 | Queue | Villager (Male) |
| 14:24 | Queue | Villager (Male) |
| 14:35 | Queue | Skirmisher |
| 14:53 | Queue | Skirmisher |
| 15:01 | Build | Blacksmith |
| 15:06 | Build | Farm |
| 15:10 | Build | Farm |
| 15:23 | Build | Farm |
| 15:24 | Queue | Villager (Male) |
| 15:28 | Build | Farm |
| 15:30 | Build | House |
| 16:05 | Queue | Villager (Male) |
| 16:19 | Queue | Villager (Male) |
| 16:33 | Research | Fletching |
| 16:33 | Research | Fletching |
| 16:35 | Queue | Skirmisher |
| 16:40 | Build | Farm |
| 16:42 | Build | Farm |
| 16:44 | Build | House |
| 16:50 | Build | Farm |
| 16:57 | Queue | Skirmisher |
| 17:02 | Build | Mining Camp |
| 17:20 | Build | Market |
| 17:23 | Queue | Villager (Male) |
| 17:31 | Queue | Villager (Male) |
| 17:50 | Build | Palisade Gate |
| 18:12 | Build | Farm |
| 18:14 | Build | Farm |
| 18:19 | Queue | Villager (Male) |
| 18:26 | Build | Farm |
| 18:40 | Build | Palisade Wall |
| 18:43 | Queue | Villager (Male) |
| 18:56 | Build | House |
| 19:07 | Research | Castle Age |
| 19:43 | Build | Palisade Wall |
| 19:44 | Build | Palisade Wall |
| 19:46 | Queue | Villager (Male) |
| 20:11 | Research | Scale Barding Armor |
| 20:12 | Research | Forging |
| 21:08 | Build | Lumber Camp |
| 21:49 | Age | Castle Age |
| 21:56 | Queue | Knight |
| 21:57 | Research | Chain Barding Armor |
| 21:58 | Queue | Villager (Male) |
| 21:58 | Queue | Villager (Male) |
| 22:15 | Build | Town Center |
| 22:30 | Queue | Knight |
| 22:38 | Research | Bow Saw |
| 22:39 | Queue | Villager (Male) |
| 22:49 | Queue | Villager (Male) |
| 23:01 | Build | Siege Workshop |
| 23:24 | Queue | Villager (Male) |
| 23:26 | Research | Iron Casting |
| 23:47 | Build | Siege Workshop |
| 23:49 | Queue | Villager (Male) |
| 23:49 | Queue | Villager (Male) |
| 23:50 | Queue | Villager (Male) |
| 23:52 | Queue | Villager (Male) |
| 23:52 | Queue | Villager (Male) |
| 24:19 | Queue | Mangonel |
| 24:23 | Build | House |
| 24:25 | Queue | Villager (Male) |
| 24:25 | Queue | Villager (Male) |
| 24:49 | Queue | Scorpion |
| 24:53 | Queue | Villager (Male) |
| 24:54 | Queue | Villager (Male) |
| 25:13 | Queue | Scorpion |
| 25:13 | Queue | Villager (Male) |
| 25:13 | Queue | Villager (Male) |
| 25:19 | Queue | Knight |
| 25:21 | Build | House |
| 25:32 | Queue | Knight |
| 25:42 | Build | House |
| 25:46 | Build | Farm |
| 25:50 | Build | Mining Camp |
| 25:53 | Build | Farm |
| 25:53 | Build | Farm |
| 25:57 | Build | House |
| 26:08 | Queue | Scorpion |
| 26:30 | Queue | Villager (Male) |
| 26:30 | Queue | Villager (Male) |
| 26:30 | Queue | Villager (Male) |
| 26:35 | Build | Monastery |
| 26:53 | Queue | Knight |
| 26:54 | Research | Bloodlines |
Match timeline
| 3:48 | hK | GAGAYA · wall_segment Palisade Wall x6 |
| 5:37 | hK | GAGAYA · first_building Barracks |
| 5:41 | hK | GAGAYA · wall_segment Palisade Wall x4 |
| 5:43 | hK | GAGAYA · wall_segment Palisade Wall x2 |
| 8:36 | Babifort · first_building Barracks |
| 9:17 | hK | GAGAYA · age_up feudal |
| 9:22 | Babifort · age_up feudal |
| 9:26 | Babifort · first_building Stable |
| 9:30 | hK | GAGAYA · first_building Archery Range |
| 12:08 | Babifort · first_building Archery Range |
| 12:18 | hK | GAGAYA · wall_segment Palisade Wall x10 |
| 12:21 | hK | GAGAYA · wall_segment Palisade Wall x3 |
| 12:22 | hK | GAGAYA · wall_segment Palisade Wall x1 |
| 12:57 | Babifort · wall_segment Palisade Wall x1 |
| 13:54 | hK | GAGAYA · wall_segment Palisade Wall x1 |
| 13:56 | hK | GAGAYA · wall_segment Palisade Wall x1 |
| 13:57 | hK | GAGAYA · wall_segment Palisade Wall x1 |
| 13:59 | hK | GAGAYA · wall_segment Palisade Wall x1 |
| 14:01 | hK | GAGAYA · wall_segment Palisade Wall x1 |
| 14:49 | hK | GAGAYA · wall_segment Palisade Wall x1 |
| 15:15 | hK | GAGAYA · wall_segment Palisade Wall x1 |
| 16:36 | hK | GAGAYA · wall_segment Palisade Wall x11 |
| 17:15 | hK | GAGAYA · wall_segment Palisade Wall x3 |
| 18:40 | Babifort · wall_segment Palisade Wall x1 |
| 18:51 | hK | GAGAYA · first_building Stable |
| 19:03 | Babifort · first_market_sell 100 food |
| 19:14 | hK | GAGAYA · wall_segment Palisade Wall x1 |
| 19:43 | Babifort · wall_segment Palisade Wall x7 |
| 19:44 | Babifort · wall_segment Palisade Wall x1 |
| 19:49 | hK | GAGAYA · first_market_sell 500 wood |
| 19:49 | hK | GAGAYA · first_market_buy 100 food |
| 21:49 | Babifort · age_up castle |
| 22:49 | hK | GAGAYA · age_up castle |
| 23:01 | Babifort · first_building Siege Workshop |
| 25:36 | hK | GAGAYA · first_building Siege Workshop |
| 26:35 | Babifort · first_building Monastery |
| 31:55 | Babifort · first_market_buy 100 wood |
| 34:04 | Babifort · first_building Castle |
| 35:05 | Babifort · age_up imperial |
| 36:01 | hK | GAGAYA · first_building Castle |
| 37:51 | hK | GAGAYA · wall_segment Palisade Wall x1 |
| 37:54 | hK | GAGAYA · wall_segment Palisade Wall x1 |
| 38:07 | hK | GAGAYA · wall_segment Palisade Wall x1 |
| 41:32 | Babifort · wall_segment Palisade Wall x2 |
| 43:03 | Babifort · wall_segment Palisade Wall x1 |
| 45:44 | hK | GAGAYA · resign |
[ AI ANALYSIS · 1 CREDIT ]
What really happened in this match?
Wolo.gg analyzes every decision: build order, eco, micro, common mistakes by bracket. Personalized analysis on WhatsApp or Discord in 30 seconds.
Civ guide
Japanese
Perfil
Jugador #15696572